%YAML 1.1
%TAG !u! tag:unity3d.com,2011:
--- !u!1 &504427303751971078
GameObject:
  m_ObjectHideFlags: 0
  m_CorrespondingSourceObject: {fileID: 0}
  m_PrefabInstance: {fileID: 0}
  m_PrefabAsset: {fileID: 0}
  serializedVersion: 6
  m_Component:
  - component: {fileID: 2462696619752531720}
  - component: {fileID: 2184164992118151282}
  m_Layer: 0
  m_Name: ConusBrake
  m_TagString: Untagged
  m_Icon: {fileID: 0}
  m_NavMeshLayer: 0
  m_StaticEditorFlags: 0
  m_IsActive: 1
--- !u!4 &2462696619752531720
Transform:
  m_ObjectHideFlags: 0
  m_CorrespondingSourceObject: {fileID: 0}
  m_PrefabInstance: {fileID: 0}
  m_PrefabAsset: {fileID: 0}
  m_GameObject: {fileID: 504427303751971078}
  m_LocalRotation: {x: -0, y: 0.3571608, z: -0, w: 0.934043}
  m_LocalPosition: {x: 0.99, y: 0.96, z: 1.18}
  m_LocalScale: {x: 0.36735117, y: 0.36735117, z: 0.36735117}
  m_Children: []
  m_Father: {fileID: 4374117317843896221}
  m_RootOrder: 1
  m_LocalEulerAnglesHint: {x: 0, y: 41.852, z: 0}
--- !u!212 &2184164992118151282
SpriteRenderer:
  m_ObjectHideFlags: 0
  m_CorrespondingSourceObject: {fileID: 0}
  m_PrefabInstance: {fileID: 0}
  m_PrefabAsset: {fileID: 0}
  m_GameObject: {fileID: 504427303751971078}
  m_Enabled: 1
  m_CastShadows: 0
  m_ReceiveShadows: 0
  m_DynamicOccludee: 1
  m_MotionVectors: 1
  m_LightProbeUsage: 1
  m_ReflectionProbeUsage: 1
  m_RenderingLayerMask: 1
  m_RendererPriority: 0
  m_Materials:
  - {fileID: 10754, guid: 0000000000000000f000000000000000, type: 0}
  m_StaticBatchInfo:
    firstSubMesh: 0
    subMeshCount: 0
  m_StaticBatchRoot: {fileID: 0}
  m_ProbeAnchor: {fileID: 0}
  m_LightProbeVolumeOverride: {fileID: 0}
  m_ScaleInLightmap: 1
  m_ReceiveGI: 1
  m_PreserveUVs: 0
  m_IgnoreNormalsForChartDetection: 0
  m_ImportantGI: 0
  m_StitchLightmapSeams: 0
  m_SelectedEditorRenderState: 0
  m_MinimumChartSize: 4
  m_AutoUVMaxDistance: 0.5
  m_AutoUVMaxAngle: 89
  m_LightmapParameters: {fileID: 0}
  m_SortingLayerID: 0
  m_SortingLayer: 0
  m_SortingOrder: 0
  m_Sprite: {fileID: 21300000, guid: 047e005dfa987864d9eadc11566ea9db, type: 3}
  m_Color: {r: 1, g: 1, b: 1, a: 0}
  m_FlipX: 0
  m_FlipY: 0
  m_DrawMode: 0
  m_Size: {x: 1.76, y: 2.53}
  m_AdaptiveModeThreshold: 0.5
  m_SpriteTileMode: 0
  m_WasSpriteAssigned: 1
  m_MaskInteraction: 0
  m_SpriteSortPoint: 0
--- !u!1 &4370496921060291019
GameObject:
  m_ObjectHideFlags: 0
  m_CorrespondingSourceObject: {fileID: 0}
  m_PrefabInstance: {fileID: 0}
  m_PrefabAsset: {fileID: 0}
  serializedVersion: 6
  m_Component:
  - component: {fileID: 4374117317843896221}
  - component: {fileID: 4465187966238328163}
  - component: {fileID: 4369595435274748729}
  - component: {fileID: 4466978115872795631}
  - component: {fileID: 7348440510652484216}
  m_Layer: 0
  m_Name: 16
  m_TagString: Untagged
  m_Icon: {fileID: 0}
  m_NavMeshLayer: 0
  m_StaticEditorFlags: 0
  m_IsActive: 1
--- !u!4 &4374117317843896221
Transform:
  m_ObjectHideFlags: 0
  m_CorrespondingSourceObject: {fileID: 0}
  m_PrefabInstance: {fileID: 0}
  m_PrefabAsset: {fileID: 0}
  m_GameObject: {fileID: 4370496921060291019}
  m_LocalRotation: {x: 0, y: 0.9170775, z: 0, w: 0.39870912}
  m_LocalPosition: {x: -6.08, y: -1.6699998, z: 12.55}
  m_LocalScale: {x: 1, y: 1, z: 1}
  m_Children:
  - {fileID: 2286919122961949720}
  - {fileID: 2462696619752531720}
  - {fileID: 2353722638315940425}
  - {fileID: 6445477850883696605}
  - {fileID: 1952328089908192870}
  - {fileID: 4884362292416434318}
  - {fileID: 518213681977911197}
  - {fileID: 9135785092181329319}
  m_Father: {fileID: 0}
  m_RootOrder: 0
  m_LocalEulerAnglesHint: {x: 0, y: 133.005, z: 0}
--- !u!95 &4465187966238328163
Animator:
  serializedVersion: 3
  m_ObjectHideFlags: 0
  m_CorrespondingSourceObject: {fileID: 0}
  m_PrefabInstance: {fileID: 0}
  m_PrefabAsset: {fileID: 0}
  m_GameObject: {fileID: 4370496921060291019}
  m_Enabled: 1
  m_Avatar: {fileID: 9000000, guid: 80284d47f5860274aa0dff0f49e7cdb1, type: 3}
  m_Controller: {fileID: 0}
  m_CullingMode: 1
  m_UpdateMode: 0
  m_ApplyRootMotion: 0
  m_LinearVelocityBlending: 0
  m_WarningMessage: 
  m_HasTransformHierarchy: 1
  m_AllowConstantClipSamplingOptimization: 1
  m_KeepAnimatorControllerStateOnDisable: 0
--- !u!114 &4369595435274748729
MonoBehaviour:
  m_ObjectHideFlags: 0
  m_CorrespondingSourceObject: {fileID: 0}
  m_PrefabInstance: {fileID: 0}
  m_PrefabAsset: {fileID: 0}
  m_GameObject: {fileID: 4370496921060291019}
  m_Enabled: 1
  m_EditorHideFlags: 0
  m_Script: {fileID: 11500000, guid: f31adbb864aac2c4fae47931cbd4a146, type: 3}
  m_Name: 
  m_EditorClassIdentifier: 
  CurrenMaterial: {fileID: 0}
  PaintingDetails:
  - {fileID: 5678422622157102185}
  - {fileID: 487266218761889004}
  - {fileID: 9096301567907342483}
  - {fileID: 4892862073163066702}
  - {fileID: 6966158754202555568}
  - {fileID: 8141951231030618841}
  - {fileID: 4632587466662094174}
  FullCar: {fileID: 5229679704240420788}
  NumberCar: 15
  Wells:
  - {fileID: 5780654789346528006}
  - {fileID: 5113439547006143281}
  - {fileID: 6120064684741769172}
  - {fileID: 8629183620140786224}
  AllIcon:
  - {fileID: 768054347608467851}
  - {fileID: 2184164992118151282}
  - {fileID: 5952005802493364032}
  - {fileID: 7736593556682789280}
  - {fileID: 829795576795434975}
  - {fileID: 2581422413933832405}
  - {fileID: 8902035153517026622}
  NumberWell: 2
  NumberBak: 1
  NumberEngine: 1
  SequenceMechanics: 01000000
  NewCar: 0
--- !u!114 &4466978115872795631
MonoBehaviour:
  m_ObjectHideFlags: 0
  m_CorrespondingSourceObject: {fileID: 0}
  m_PrefabInstance: {fileID: 0}
  m_PrefabAsset: {fileID: 0}
  m_GameObject: {fileID: 4370496921060291019}
  m_Enabled: 1
  m_EditorHideFlags: 0
  m_Script: {fileID: 11500000, guid: e02c8c9313051b84499041905bb529a2, type: 3}
  m_Name: 
  m_EditorClassIdentifier: 
  WindowMesh: {fileID: 2200529800537570183}
  Texture: {fileID: 2800000, guid: 9b53777a6905caf479ed60ed86e018cf, type: 3}
  Mask: {fileID: 2800000, guid: 3f934bd17a82d3042a6d36361dec4f98, type: 3}
--- !u!114 &7348440510652484216
MonoBehaviour:
  m_ObjectHideFlags: 0
  m_CorrespondingSourceObject: {fileID: 0}
  m_PrefabInstance: {fileID: 0}
  m_PrefabAsset: {fileID: 0}
  m_GameObject: {fileID: 4370496921060291019}
  m_Enabled: 1
  m_EditorHideFlags: 0
  m_Script: {fileID: 11500000, guid: 7fa4073fba7ed884a8c4df13664e6e9d, type: 3}
  m_Name: 
  m_EditorClassIdentifier: 
  DoorPainting: {fileID: 9096301567907342483}
  CurrentTexture: {fileID: 2800000, guid: 6f6126aaa10ee76489fbd80efa09cd43, type: 3}
  NextTexture: {fileID: 2800000, guid: 49d4a60dbf4ea27408188c8157248ca2, type: 3}
  Mask: {fileID: 2800000, guid: 02c7958a8258c8347923129c7d046651, type: 3}
--- !u!1 &4422500463554750035
GameObject:
  m_ObjectHideFlags: 0
  m_CorrespondingSourceObject: {fileID: 0}
  m_PrefabInstance: {fileID: 0}
  m_PrefabAsset: {fileID: 0}
  serializedVersion: 6
  m_Component:
  - component: {fileID: 4884362292416434318}
  - component: {fileID: 2581422413933832405}
  m_Layer: 0
  m_Name: Conus_Door
  m_TagString: Untagged
  m_Icon: {fileID: 0}
  m_NavMeshLayer: 0
  m_StaticEditorFlags: 0
  m_IsActive: 1
--- !u!4 &4884362292416434318
Transform:
  m_ObjectHideFlags: 0
  m_CorrespondingSourceObject: {fileID: 0}
  m_PrefabInstance: {fileID: 0}
  m_PrefabAsset: {fileID: 0}
  m_GameObject: {fileID: 4422500463554750035}
  m_LocalRotation: {x: -0, y: 0.3571608, z: -0, w: 0.934043}
  m_LocalPosition: {x: 0.243, y: 1.627, z: -0.266}
  m_LocalScale: {x: 0.28958184, y: 0.28958184, z: 0.28958184}
  m_Children: []
  m_Father: {fileID: 4374117317843896221}
  m_RootOrder: 5
  m_LocalEulerAnglesHint: {x: 0, y: 41.852, z: 0}
--- !u!212 &2581422413933832405
SpriteRenderer:
  m_ObjectHideFlags: 0
  m_CorrespondingSourceObject: {fileID: 0}
  m_PrefabInstance: {fileID: 0}
  m_PrefabAsset: {fileID: 0}
  m_GameObject: {fileID: 4422500463554750035}
  m_Enabled: 1
  m_CastShadows: 0
  m_ReceiveShadows: 0
  m_DynamicOccludee: 1
  m_MotionVectors: 1
  m_LightProbeUsage: 1
  m_ReflectionProbeUsage: 1
  m_RenderingLayerMask: 1
  m_RendererPriority: 0
  m_Materials:
  - {fileID: 10754, guid: 0000000000000000f000000000000000, type: 0}
  m_StaticBatchInfo:
    firstSubMesh: 0
    subMeshCount: 0
  m_StaticBatchRoot: {fileID: 0}
  m_ProbeAnchor: {fileID: 0}
  m_LightProbeVolumeOverride: {fileID: 0}
  m_ScaleInLightmap: 1
  m_ReceiveGI: 1
  m_PreserveUVs: 0
  m_IgnoreNormalsForChartDetection: 0
  m_ImportantGI: 0
  m_StitchLightmapSeams: 0
  m_SelectedEditorRenderState: 0
  m_MinimumChartSize: 4
  m_AutoUVMaxDistance: 0.5
  m_AutoUVMaxAngle: 89
  m_LightmapParameters: {fileID: 0}
  m_SortingLayerID: 0
  m_SortingLayer: 0
  m_SortingOrder: 0
  m_Sprite: {fileID: 21300000, guid: 723f9ef55af9e4d4e870d389f66599f1, type: 3}
  m_Color: {r: 1, g: 1, b: 1, a: 0}
  m_FlipX: 0
  m_FlipY: 0
  m_DrawMode: 0
  m_Size: {x: 1.76, y: 2.53}
  m_AdaptiveModeThreshold: 0.5
  m_SpriteTileMode: 0
  m_WasSpriteAssigned: 1
  m_MaskInteraction: 0
  m_SpriteSortPoint: 0
--- !u!1 &4851222371094880608
GameObject:
  m_ObjectHideFlags: 0
  m_CorrespondingSourceObject: {fileID: 0}
  m_PrefabInstance: {fileID: 0}
  m_PrefabAsset: {fileID: 0}
  serializedVersion: 6
  m_Component:
  - component: {fileID: 518213681977911197}
  - component: {fileID: 8902035153517026622}
  m_Layer: 0
  m_Name: Conus_Glass
  m_TagString: Untagged
  m_Icon: {fileID: 0}
  m_NavMeshLayer: 0
  m_StaticEditorFlags: 0
  m_IsActive: 1
--- !u!4 &518213681977911197
Transform:
  m_ObjectHideFlags: 0
  m_CorrespondingSourceObject: {fileID: 0}
  m_PrefabInstance: {fileID: 0}
  m_PrefabAsset: {fileID: 0}
  m_GameObject: {fileID: 4851222371094880608}
  m_LocalRotation: {x: -0, y: 0.3571608, z: -0, w: 0.934043}
  m_LocalPosition: {x: 0.015, y: 1.41, z: 0.384}
  m_LocalScale: {x: 0.28958184, y: 0.28958184, z: 0.28958184}
  m_Children: []
  m_Father: {fileID: 4374117317843896221}
  m_RootOrder: 6
  m_LocalEulerAnglesHint: {x: 0, y: 41.852, z: 0}
--- !u!212 &8902035153517026622
SpriteRenderer:
  m_ObjectHideFlags: 0
  m_CorrespondingSourceObject: {fileID: 0}
  m_PrefabInstance: {fileID: 0}
  m_PrefabAsset: {fileID: 0}
  m_GameObject: {fileID: 4851222371094880608}
  m_Enabled: 1
  m_CastShadows: 0
  m_ReceiveShadows: 0
  m_DynamicOccludee: 1
  m_MotionVectors: 1
  m_LightProbeUsage: 1
  m_ReflectionProbeUsage: 1
  m_RenderingLayerMask: 1
  m_RendererPriority: 0
  m_Materials:
  - {fileID: 10754, guid: 0000000000000000f000000000000000, type: 0}
  m_StaticBatchInfo:
    firstSubMesh: 0
    subMeshCount: 0
  m_StaticBatchRoot: {fileID: 0}
  m_ProbeAnchor: {fileID: 0}
  m_LightProbeVolumeOverride: {fileID: 0}
  m_ScaleInLightmap: 1
  m_ReceiveGI: 1
  m_PreserveUVs: 0
  m_IgnoreNormalsForChartDetection: 0
  m_ImportantGI: 0
  m_StitchLightmapSeams: 0
  m_SelectedEditorRenderState: 0
  m_MinimumChartSize: 4
  m_AutoUVMaxDistance: 0.5
  m_AutoUVMaxAngle: 89
  m_LightmapParameters: {fileID: 0}
  m_SortingLayerID: 0
  m_SortingLayer: 0
  m_SortingOrder: 0
  m_Sprite: {fileID: 21300000, guid: fbcd79b793282c84e88c872afc4389d1, type: 3}
  m_Color: {r: 1, g: 1, b: 1, a: 0}
  m_FlipX: 0
  m_FlipY: 0
  m_DrawMode: 0
  m_Size: {x: 1.76, y: 2.53}
  m_AdaptiveModeThreshold: 0.5
  m_SpriteTileMode: 0
  m_WasSpriteAssigned: 1
  m_MaskInteraction: 0
  m_SpriteSortPoint: 0
--- !u!1 &7804883524756187085
GameObject:
  m_ObjectHideFlags: 0
  m_CorrespondingSourceObject: {fileID: 0}
  m_PrefabInstance: {fileID: 0}
  m_PrefabAsset: {fileID: 0}
  serializedVersion: 6
  m_Component:
  - component: {fileID: 2286919122961949720}
  - component: {fileID: 768054347608467851}
  m_Layer: 0
  m_Name: Conus
  m_TagString: Untagged
  m_Icon: {fileID: 0}
  m_NavMeshLayer: 0
  m_StaticEditorFlags: 0
  m_IsActive: 1
--- !u!4 &2286919122961949720
Transform:
  m_ObjectHideFlags: 0
  m_CorrespondingSourceObject: {fileID: 0}
  m_PrefabInstance: {fileID: 0}
  m_PrefabAsset: {fileID: 0}
  m_GameObject: {fileID: 7804883524756187085}
  m_LocalRotation: {x: -0, y: 0.3571608, z: -0, w: 0.934043}
  m_LocalPosition: {x: 0.99, y: 0.96, z: 1.18}
  m_LocalScale: {x: 0.36735117, y: 0.36735117, z: 0.36735117}
  m_Children: []
  m_Father: {fileID: 4374117317843896221}
  m_RootOrder: 0
  m_LocalEulerAnglesHint: {x: 0, y: 41.852, z: 0}
--- !u!212 &768054347608467851
SpriteRenderer:
  m_ObjectHideFlags: 0
  m_CorrespondingSourceObject: {fileID: 0}
  m_PrefabInstance: {fileID: 0}
  m_PrefabAsset: {fileID: 0}
  m_GameObject: {fileID: 7804883524756187085}
  m_Enabled: 1
  m_CastShadows: 0
  m_ReceiveShadows: 0
  m_DynamicOccludee: 1
  m_MotionVectors: 1
  m_LightProbeUsage: 1
  m_ReflectionProbeUsage: 1
  m_RenderingLayerMask: 1
  m_RendererPriority: 0
  m_Materials:
  - {fileID: 10754, guid: 0000000000000000f000000000000000, type: 0}
  m_StaticBatchInfo:
    firstSubMesh: 0
    subMeshCount: 0
  m_StaticBatchRoot: {fileID: 0}
  m_ProbeAnchor: {fileID: 0}
  m_LightProbeVolumeOverride: {fileID: 0}
  m_ScaleInLightmap: 1
  m_ReceiveGI: 1
  m_PreserveUVs: 0
  m_IgnoreNormalsForChartDetection: 0
  m_ImportantGI: 0
  m_StitchLightmapSeams: 0
  m_SelectedEditorRenderState: 0
  m_MinimumChartSize: 4
  m_AutoUVMaxDistance: 0.5
  m_AutoUVMaxAngle: 89
  m_LightmapParameters: {fileID: 0}
  m_SortingLayerID: 0
  m_SortingLayer: 0
  m_SortingOrder: 0
  m_Sprite: {fileID: 21300000, guid: 1fc95dd967105f94c83efc88d51c60dc, type: 3}
  m_Color: {r: 1, g: 1, b: 1, a: 0}
  m_FlipX: 0
  m_FlipY: 0
  m_DrawMode: 0
  m_Size: {x: 1.76, y: 2.53}
  m_AdaptiveModeThreshold: 0.5
  m_SpriteTileMode: 0
  m_WasSpriteAssigned: 1
  m_MaskInteraction: 0
  m_SpriteSortPoint: 0
--- !u!1 &7925331329443027782
GameObject:
  m_ObjectHideFlags: 0
  m_CorrespondingSourceObject: {fileID: 0}
  m_PrefabInstance: {fileID: 0}
  m_PrefabAsset: {fileID: 0}
  serializedVersion: 6
  m_Component:
  - component: {fileID: 2353722638315940425}
  - component: {fileID: 5952005802493364032}
  m_Layer: 0
  m_Name: Conus
  m_TagString: Untagged
  m_Icon: {fileID: 0}
  m_NavMeshLayer: 0
  m_StaticEditorFlags: 0
  m_IsActive: 1
--- !u!4 &2353722638315940425
Transform:
  m_ObjectHideFlags: 0
  m_CorrespondingSourceObject: {fileID: 0}
  m_PrefabInstance: {fileID: 0}
  m_PrefabAsset: {fileID: 0}
  m_GameObject: {fileID: 7925331329443027782}
  m_LocalRotation: {x: -0, y: 0.3571608, z: -0, w: 0.934043}
  m_LocalPosition: {x: 1.14, y: 1.249, z: -0.91}
  m_LocalScale: {x: 0.31137833, y: 0.31137833, z: 0.31137833}
  m_Children: []
  m_Father: {fileID: 4374117317843896221}
  m_RootOrder: 2
  m_LocalEulerAnglesHint: {x: 0, y: 41.852, z: 0}
--- !u!212 &5952005802493364032
SpriteRenderer:
  m_ObjectHideFlags: 0
  m_CorrespondingSourceObject: {fileID: 0}
  m_PrefabInstance: {fileID: 0}
  m_PrefabAsset: {fileID: 0}
  m_GameObject: {fileID: 7925331329443027782}
  m_Enabled: 1
  m_CastShadows: 0
  m_ReceiveShadows: 0
  m_DynamicOccludee: 1
  m_MotionVectors: 1
  m_LightProbeUsage: 1
  m_ReflectionProbeUsage: 1
  m_RenderingLayerMask: 1
  m_RendererPriority: 0
  m_Materials:
  - {fileID: 10754, guid: 0000000000000000f000000000000000, type: 0}
  m_StaticBatchInfo:
    firstSubMesh: 0
    subMeshCount: 0
  m_StaticBatchRoot: {fileID: 0}
  m_ProbeAnchor: {fileID: 0}
  m_LightProbeVolumeOverride: {fileID: 0}
  m_ScaleInLightmap: 1
  m_ReceiveGI: 1
  m_PreserveUVs: 0
  m_IgnoreNormalsForChartDetection: 0
  m_ImportantGI: 0
  m_StitchLightmapSeams: 0
  m_SelectedEditorRenderState: 0
  m_MinimumChartSize: 4
  m_AutoUVMaxDistance: 0.5
  m_AutoUVMaxAngle: 89
  m_LightmapParameters: {fileID: 0}
  m_SortingLayerID: 0
  m_SortingLayer: 0
  m_SortingOrder: 0
  m_Sprite: {fileID: 21300000, guid: a7bb4326332262c488cc4cc8e4e3c658, type: 3}
  m_Color: {r: 1, g: 1, b: 1, a: 0}
  m_FlipX: 0
  m_FlipY: 0
  m_DrawMode: 0
  m_Size: {x: 1.76, y: 2.53}
  m_AdaptiveModeThreshold: 0.5
  m_SpriteTileMode: 0
  m_WasSpriteAssigned: 1
  m_MaskInteraction: 0
  m_SpriteSortPoint: 0
--- !u!1 &8549527450648471252
GameObject:
  m_ObjectHideFlags: 0
  m_CorrespondingSourceObject: {fileID: 0}
  m_PrefabInstance: {fileID: 0}
  m_PrefabAsset: {fileID: 0}
  serializedVersion: 6
  m_Component:
  - component: {fileID: 6445477850883696605}
  - component: {fileID: 7736593556682789280}
  m_Layer: 0
  m_Name: Conus
  m_TagString: Untagged
  m_Icon: {fileID: 0}
  m_NavMeshLayer: 0
  m_StaticEditorFlags: 0
  m_IsActive: 1
--- !u!4 &6445477850883696605
Transform:
  m_ObjectHideFlags: 0
  m_CorrespondingSourceObject: {fileID: 0}
  m_PrefabInstance: {fileID: 0}
  m_PrefabAsset: {fileID: 0}
  m_GameObject: {fileID: 8549527450648471252}
  m_LocalRotation: {x: -0, y: 0.3571608, z: -0, w: 0.934043}
  m_LocalPosition: {x: 0.32, y: 1.143, z: 1.84}
  m_LocalScale: {x: 0.28958184, y: 0.28958184, z: 0.28958184}
  m_Children: []
  m_Father: {fileID: 4374117317843896221}
  m_RootOrder: 3
  m_LocalEulerAnglesHint: {x: 0, y: 41.852, z: 0}
--- !u!212 &7736593556682789280
SpriteRenderer:
  m_ObjectHideFlags: 0
  m_CorrespondingSourceObject: {fileID: 0}
  m_PrefabInstance: {fileID: 0}
  m_PrefabAsset: {fileID: 0}
  m_GameObject: {fileID: 8549527450648471252}
  m_Enabled: 1
  m_CastShadows: 0
  m_ReceiveShadows: 0
  m_DynamicOccludee: 1
  m_MotionVectors: 1
  m_LightProbeUsage: 1
  m_ReflectionProbeUsage: 1
  m_RenderingLayerMask: 1
  m_RendererPriority: 0
  m_Materials:
  - {fileID: 10754, guid: 0000000000000000f000000000000000, type: 0}
  m_StaticBatchInfo:
    firstSubMesh: 0
    subMeshCount: 0
  m_StaticBatchRoot: {fileID: 0}
  m_ProbeAnchor: {fileID: 0}
  m_LightProbeVolumeOverride: {fileID: 0}
  m_ScaleInLightmap: 1
  m_ReceiveGI: 1
  m_PreserveUVs: 0
  m_IgnoreNormalsForChartDetection: 0
  m_ImportantGI: 0
  m_StitchLightmapSeams: 0
  m_SelectedEditorRenderState: 0
  m_MinimumChartSize: 4
  m_AutoUVMaxDistance: 0.5
  m_AutoUVMaxAngle: 89
  m_LightmapParameters: {fileID: 0}
  m_SortingLayerID: 0
  m_SortingLayer: 0
  m_SortingOrder: 0
  m_Sprite: {fileID: 21300000, guid: abf22bad6ce53ba48b097f5d0c9824d1, type: 3}
  m_Color: {r: 1, g: 1, b: 1, a: 0}
  m_FlipX: 0
  m_FlipY: 0
  m_DrawMode: 0
  m_Size: {x: 1.76, y: 2.53}
  m_AdaptiveModeThreshold: 0.5
  m_SpriteTileMode: 0
  m_WasSpriteAssigned: 1
  m_MaskInteraction: 0
  m_SpriteSortPoint: 0
--- !u!1 &9054385571266874796
GameObject:
  m_ObjectHideFlags: 0
  m_CorrespondingSourceObject: {fileID: 0}
  m_PrefabInstance: {fileID: 0}
  m_PrefabAsset: {fileID: 0}
  serializedVersion: 6
  m_Component:
  - component: {fileID: 1952328089908192870}
  - component: {fileID: 829795576795434975}
  m_Layer: 0
  m_Name: Conus_akkym
  m_TagString: Untagged
  m_Icon: {fileID: 0}
  m_NavMeshLayer: 0
  m_StaticEditorFlags: 0
  m_IsActive: 1
--- !u!4 &1952328089908192870
Transform:
  m_ObjectHideFlags: 0
  m_CorrespondingSourceObject: {fileID: 0}
  m_PrefabInstance: {fileID: 0}
  m_PrefabAsset: {fileID: 0}
  m_GameObject: {fileID: 9054385571266874796}
  m_LocalRotation: {x: -0, y: 0.3571608, z: -0, w: 0.934043}
  m_LocalPosition: {x: 0.07, y: 1.26, z: 1.06}
  m_LocalScale: {x: 0.28958184, y: 0.28958184, z: 0.28958184}
  m_Children: []
  m_Father: {fileID: 4374117317843896221}
  m_RootOrder: 4
  m_LocalEulerAnglesHint: {x: 0, y: 41.852, z: 0}
--- !u!212 &829795576795434975
SpriteRenderer:
  m_ObjectHideFlags: 0
  m_CorrespondingSourceObject: {fileID: 0}
  m_PrefabInstance: {fileID: 0}
  m_PrefabAsset: {fileID: 0}
  m_GameObject: {fileID: 9054385571266874796}
  m_Enabled: 1
  m_CastShadows: 0
  m_ReceiveShadows: 0
  m_DynamicOccludee: 1
  m_MotionVectors: 1
  m_LightProbeUsage: 1
  m_ReflectionProbeUsage: 1
  m_RenderingLayerMask: 1
  m_RendererPriority: 0
  m_Materials:
  - {fileID: 10754, guid: 0000000000000000f000000000000000, type: 0}
  m_StaticBatchInfo:
    firstSubMesh: 0
    subMeshCount: 0
  m_StaticBatchRoot: {fileID: 0}
  m_ProbeAnchor: {fileID: 0}
  m_LightProbeVolumeOverride: {fileID: 0}
  m_ScaleInLightmap: 1
  m_ReceiveGI: 1
  m_PreserveUVs: 0
  m_IgnoreNormalsForChartDetection: 0
  m_ImportantGI: 0
  m_StitchLightmapSeams: 0
  m_SelectedEditorRenderState: 0
  m_MinimumChartSize: 4
  m_AutoUVMaxDistance: 0.5
  m_AutoUVMaxAngle: 89
  m_LightmapParameters: {fileID: 0}
  m_SortingLayerID: 0
  m_SortingLayer: 0
  m_SortingOrder: 0
  m_Sprite: {fileID: 21300000, guid: 45531bb3776c57f40a2dc88d6270c384, type: 3}
  m_Color: {r: 1, g: 1, b: 1, a: 0}
  m_FlipX: 0
  m_FlipY: 0
  m_DrawMode: 0
  m_Size: {x: 1.76, y: 2.53}
  m_AdaptiveModeThreshold: 0.5
  m_SpriteTileMode: 0
  m_WasSpriteAssigned: 1
  m_MaskInteraction: 0
  m_SpriteSortPoint: 0
--- !u!1001 &4301607168510963389
PrefabInstance:
  m_ObjectHideFlags: 0
  serializedVersion: 2
  m_Modification:
    m_TransformParent: {fileID: 4374117317843896221}
    m_Modifications:
    - target: {fileID: -6540428579284626118, guid: f28ce1e9919924a42b2c18b971ae32a3,
        type: 3}
      propertyPath: m_Materials.Array.data[0]
      value: 
      objectReference: {fileID: 2100000, guid: 08b072ce5e39f7643810b9984fd601f3, type: 2}
    - target: {fileID: -4939124485939068258, guid: f28ce1e9919924a42b2c18b971ae32a3,
        type: 3}
      propertyPath: m_Materials.Array.data[1]
      value: 
      objectReference: {fileID: 2100000, guid: 08b072ce5e39f7643810b9984fd601f3, type: 2}
    - target: {fileID: -4216859302048453862, guid: f28ce1e9919924a42b2c18b971ae32a3,
        type: 3}
      propertyPath: m_LocalPosition.x
      value: 0
      objectReference: {fileID: 0}
    - target: {fileID: -4216859302048453862, guid: f28ce1e9919924a42b2c18b971ae32a3,
        type: 3}
      propertyPath: m_LocalPosition.y
      value: 0.02
      objectReference: {fileID: 0}
    - target: {fileID: -4216859302048453862, guid: f28ce1e9919924a42b2c18b971ae32a3,
        type: 3}
      propertyPath: m_LocalPosition.z
      value: -0.56
      objectReference: {fileID: 0}
    - target: {fileID: -4216859302048453862, guid: f28ce1e9919924a42b2c18b971ae32a3,
        type: 3}
      propertyPath: m_LocalRotation.x
      value: 0
      objectReference: {fileID: 0}
    - target: {fileID: -4216859302048453862, guid: f28ce1e9919924a42b2c18b971ae32a3,
        type: 3}
      propertyPath: m_LocalRotation.y
      value: 0
      objectReference: {fileID: 0}
    - target: {fileID: -4216859302048453862, guid: f28ce1e9919924a42b2c18b971ae32a3,
        type: 3}
      propertyPath: m_LocalRotation.z
      value: 0
      objectReference: {fileID: 0}
    - target: {fileID: -4216859302048453862, guid: f28ce1e9919924a42b2c18b971ae32a3,
        type: 3}
      propertyPath: m_LocalRotation.w
      value: 1
      objectReference: {fileID: 0}
    - target: {fileID: -4216859302048453862, guid: f28ce1e9919924a42b2c18b971ae32a3,
        type: 3}
      propertyPath: m_RootOrder
      value: 7
      objectReference: {fileID: 0}
    - target: {fileID: -4216859302048453862, guid: f28ce1e9919924a42b2c18b971ae32a3,
        type: 3}
      propertyPath: m_LocalEulerAnglesHint.x
      value: 0
      objectReference: {fileID: 0}
    - target: {fileID: -4216859302048453862, guid: f28ce1e9919924a42b2c18b971ae32a3,
        type: 3}
      propertyPath: m_LocalEulerAnglesHint.y
      value: 0
      objectReference: {fileID: 0}
    - target: {fileID: -4216859302048453862, guid: f28ce1e9919924a42b2c18b971ae32a3,
        type: 3}
      propertyPath: m_LocalEulerAnglesHint.z
      value: 0
      objectReference: {fileID: 0}
    - target: {fileID: -4216859302048453862, guid: f28ce1e9919924a42b2c18b971ae32a3,
        type: 3}
      propertyPath: m_LocalScale.x
      value: 3.3973138
      objectReference: {fileID: 0}
    - target: {fileID: -4216859302048453862, guid: f28ce1e9919924a42b2c18b971ae32a3,
        type: 3}
      propertyPath: m_LocalScale.y
      value: 3.3973138
      objectReference: {fileID: 0}
    - target: {fileID: -4216859302048453862, guid: f28ce1e9919924a42b2c18b971ae32a3,
        type: 3}
      propertyPath: m_LocalScale.z
      value: 3.3973138
      objectReference: {fileID: 0}
    - target: {fileID: -927199367670048503, guid: f28ce1e9919924a42b2c18b971ae32a3,
        type: 3}
      propertyPath: m_Name
      value: taxi
      objectReference: {fileID: 0}
    m_RemovedComponents: []
  m_SourcePrefab: {fileID: 100100000, guid: f28ce1e9919924a42b2c18b971ae32a3, type: 3}
--- !u!1 &5229679704240420788 stripped
GameObject:
  m_CorrespondingSourceObject: {fileID: -927199367670048503, guid: f28ce1e9919924a42b2c18b971ae32a3,
    type: 3}
  m_PrefabInstance: {fileID: 4301607168510963389}
  m_PrefabAsset: {fileID: 0}
--- !u!4 &9135785092181329319 stripped
Transform:
  m_CorrespondingSourceObject: {fileID: -4216859302048453862, guid: f28ce1e9919924a42b2c18b971ae32a3,
    type: 3}
  m_PrefabInstance: {fileID: 4301607168510963389}
  m_PrefabAsset: {fileID: 0}
--- !u!1 &5780654789346528006 stripped
GameObject:
  m_CorrespondingSourceObject: {fileID: -1473976655487195717, guid: f28ce1e9919924a42b2c18b971ae32a3,
    type: 3}
  m_PrefabInstance: {fileID: 4301607168510963389}
  m_PrefabAsset: {fileID: 0}
--- !u!1 &5113439547006143281 stripped
GameObject:
  m_CorrespondingSourceObject: {fileID: 9026610861038560652, guid: f28ce1e9919924a42b2c18b971ae32a3,
    type: 3}
  m_PrefabInstance: {fileID: 4301607168510963389}
  m_PrefabAsset: {fileID: 0}
--- !u!23 &487266218761889004 stripped
MeshRenderer:
  m_CorrespondingSourceObject: {fileID: -4795912599415354799, guid: f28ce1e9919924a42b2c18b971ae32a3,
    type: 3}
  m_PrefabInstance: {fileID: 4301607168510963389}
  m_PrefabAsset: {fileID: 0}
--- !u!1 &6120064684741769172 stripped
GameObject:
  m_CorrespondingSourceObject: {fileID: -1198882696794957463, guid: f28ce1e9919924a42b2c18b971ae32a3,
    type: 3}
  m_PrefabInstance: {fileID: 4301607168510963389}
  m_PrefabAsset: {fileID: 0}
--- !u!1 &8629183620140786224 stripped
GameObject:
  m_CorrespondingSourceObject: {fileID: -3714515154516128627, guid: f28ce1e9919924a42b2c18b971ae32a3,
    type: 3}
  m_PrefabInstance: {fileID: 4301607168510963389}
  m_PrefabAsset: {fileID: 0}
--- !u!23 &4892862073163066702 stripped
MeshRenderer:
  m_CorrespondingSourceObject: {fileID: -552657648285973517, guid: f28ce1e9919924a42b2c18b971ae32a3,
    type: 3}
  m_PrefabInstance: {fileID: 4301607168510963389}
  m_PrefabAsset: {fileID: 0}
--- !u!23 &5678422622157102185 stripped
MeshRenderer:
  m_CorrespondingSourceObject: {fileID: 8466678959569498836, guid: f28ce1e9919924a42b2c18b971ae32a3,
    type: 3}
  m_PrefabInstance: {fileID: 4301607168510963389}
  m_PrefabAsset: {fileID: 0}
--- !u!23 &6966158754202555568 stripped
MeshRenderer:
  m_CorrespondingSourceObject: {fileID: -2657505760524223987, guid: f28ce1e9919924a42b2c18b971ae32a3,
    type: 3}
  m_PrefabInstance: {fileID: 4301607168510963389}
  m_PrefabAsset: {fileID: 0}
--- !u!23 &8141951231030618841 stripped
MeshRenderer:
  m_CorrespondingSourceObject: {fileID: -3797548869328518044, guid: f28ce1e9919924a42b2c18b971ae32a3,
    type: 3}
  m_PrefabInstance: {fileID: 4301607168510963389}
  m_PrefabAsset: {fileID: 0}
--- !u!23 &4632587466662094174 stripped
MeshRenderer:
  m_CorrespondingSourceObject: {fileID: -290445701240026141, guid: f28ce1e9919924a42b2c18b971ae32a3,
    type: 3}
  m_PrefabInstance: {fileID: 4301607168510963389}
  m_PrefabAsset: {fileID: 0}
--- !u!23 &2200529800537570183 stripped
MeshRenderer:
  m_CorrespondingSourceObject: {fileID: -6540428579284626118, guid: f28ce1e9919924a42b2c18b971ae32a3,
    type: 3}
  m_PrefabInstance: {fileID: 4301607168510963389}
  m_PrefabAsset: {fileID: 0}
--- !u!23 &9096301567907342483 stripped
MeshRenderer:
  m_CorrespondingSourceObject: {fileID: 5012206189173048878, guid: f28ce1e9919924a42b2c18b971ae32a3,
    type: 3}
  m_PrefabInstance: {fileID: 4301607168510963389}
  m_PrefabAsset: {fileID: 0}
